 Dungeon Crawl Stone Soup version 0.23.1 (webtiles) character file.

Game seed: 16441476722401370209

3075 Norn the Spear-Bearer (level 9, -1/71 HPs)
             Began as a Merfolk Skald on Mar 10, 2019.
             Was a Believer of Okawaru.
             Slain by a killer bee (3 damage)
             ... on level 8 of the Dungeon.
             The game lasted 00:26:01 (10231 turns).

Norn the Spear-Bearer (Merfolk Skald)              Turns: 10231, Time: 00:26:02

Health: -1/71      AC:  3    Str: 12    XL:     9   Next: 88%
Magic:  10/12      EV: 16    Int: 15    God:    Okawaru [**....]
Gold:   323        SH:  0    Dex: 13    Spells: 4/12 levels left

rFire    . . .     SeeInvis .   z - +0 trident (venom)
rCold    . . .     Gourm    .   (no shield)
rNeg     . . .     Faith    .   b - +0 leather armour
rPois    .         Spirit   .   (no helmet)
rElec    .         Reflect  .   (no cloak)
rCorr    .         Harm     .   (no gloves)
MR       .....                  (no boots)
Stlth    +.........             (no amulet)
HPRegen  0.21/turn              (no ring)
MPRegen  0.13/turn              (no ring)

@: lethally poisoned (-1 -> -14), very slightly contaminated
A: change form in water, swift swim, stealthy swim
a: Heroism, Renounce Religion


You were on level 8 of the Dungeon.
You worshipped Okawaru.
Okawaru was pleased with you.
You were not hungry.

You visited 2 branches of the dungeon, and saw 9 of its levels.

You collected 385 gold pieces.
You spent 62 gold pieces at shops.

Inventory:

Hand Weapons
 s - a +0 whip of electrocution
   (You took it off an orc on level 3 of the Dungeon)
 z - a +0 trident of venom (weapon)
   (You bought it in a shop on level 4 of the Dungeon)
Missiles
 v - a throwing net (quivered) {!f}
Armour
 b - a +0 leather armour (worn)
 w - a +0 helmet
   (You found it on level 4 of the Dungeon)
Jewellery
 a - a +3 ring of intelligence {unknown}
   (You found it on level 7 of the Dungeon)
 j - a cursed -2 ring of intelligence {unknown}
   (You found it on level 1 of the Dungeon)
 l - an uncursed ring of poison resistance {unknown}
   (You found it on level 3 of the Dungeon)
 B - an uncursed ring of flight {unknown}
   (You found it on level 7 of the Dungeon)
Wands
 d - a wand of iceblast (9)
   (You found it on level 3 of the Dungeon)
Scrolls
 c - 3 scrolls of enchant armour {unknown}
 f - 3 scrolls of blinking
 g - a scroll of enchant weapon {unknown}
 h - 2 scrolls of random uselessness {unknown}
 i - 4 scrolls of identify {unknown}
 k - 3 scrolls of remove curse {@r2}
 n - 2 scrolls of magic mapping
 r - a scroll of amnesia {unknown}
 t - a scroll of teleportation {@r4}
 y - a scroll of fog {unknown}
 C - a scroll of immolation {unknown}
Potions
 m - a potion of heal wounds {@q2}
 o - 5 potions of curing {unknown}
 p - 2 potions of invisibility {unknown}
 q - 3 potions of mutation {unknown}
 u - a potion of berserk rage {unknown}
 x - 2 potions of haste {unknown}
Comestibles
 e - 11 rations {!d}


   Skills:
 + Level 6.8 Fighting
 * Level 12.1 Polearms
 - Level 0.6 Armour
 + Level 8.3 Dodging
 - Level 2.0 Spellcasting
 + Level 4.7 Hexes
 - Level 5.0 Charms


You had 4 spell levels left.
You knew the following spells:

 Your Spells              Type           Power        Failure   Level  Hunger
a - Infusion              Chrm           ###.         3%          1    #......
q - Shroud of Golubria    Chrm/Tloc      #.........   16%         2    ###....
t - Spectral Weapon       Hex/Chrm       ###.....     12%         3    ###....
w - Song of Slaying       Chrm           ###.....     5%          2    ###....

Your spell library contained the following spells:

 Spells                   Type           Power        Failure   Level  Hunger
 Regeneration             Chrm/Necr      #.........   30%         3    ###....


Dungeon Overview and Level Annotations

Branches:
Dungeon (8/15)             Temple (1/1) D:6            Lair (0/6) D:8

Altars:
Ashenzari
Cheibriados
Dithmenos
Elyvilon
Fedhas
Gozag
Hepliaklqana
Kikubaaqudgha
Makhleb
Nemelex Xobeh
Okawaru
Qazlal
Ru
Sif Muna
Trog
Uskayaw
Vehumet
Wu Jian
Xom
Yredelemnul
Zin
The Shining One

Shops:
D:4 (}[

Annotations:
D:2 1 runed translucent door, Crazy Yiuf


Message History

Your spectral weapon shares its damage with you!
You puncture the killer bee!
The killer bee looks even sicker.
You feel sick.
You kill the killer bee!
Okawaru accepts your kill.
The killer bee stings your spectral weapon but does no damage.
The killer bee stings your spectral weapon.
Your spectral weapon fades away.
Attack whom?
Aim: a killer bee You reach to attack!
You closely miss the killer bee.
You feel sick.
You feel sick.
You miscast Spectral Weapon.
You are very lightly contaminated with residual magic.
Your skin glows momentarily.
You feel sick. The killer bee barely misses you. The killer bee stings you.
You miss the killer bee. The killer bee stings you.
* * * LOW HITPOINT WARNING * * *
You are more poisoned.
The killer bee poisons you!
The killer bee stings you but does no damage.
The killer bee barely misses you.
As you read the scroll of teleportation {@r4}, it crumbles to dust.
You feel strangely unstable.
You feel sick. The killer bee closely misses you. x3
The killer bee completely misses you.
Unknown command.
You feel sick. The killer bee barely misses you. The killer bee misses you.
Your surroundings suddenly seem different.
You feel sick.
A killer bee comes into view. x2
The killer bee moves out of view.
Found 28 arrows.
Found an escape hatch in the ceiling.
You feel sick.
You feel sick.
You feel sick.
A killer bee comes into view.
You hear the rapid hiss of a distant avalanche of sand.
You feel sick.
The killer bee buzzes angrily.
You feel sick. The killer bee closely misses you. The killer bee misses you.
You feel sick. The killer bee stings you!
* * * LOW HITPOINT WARNING * * *
The killer bee closely misses you. x2; The killer bee stings you.
* * * LOW HITPOINT WARNING * * *
There is an escape hatch in the ceiling here.
Really go through this one-way escape hatch?
You feel sick. The killer bee barely misses you. The killer bee stings you.
* * * LOW HITPOINT WARNING * * *
You are more poisoned.
The killer bee poisons you! The killer bee stings you.
You die...

,,,,,,,,,.........#*,*,*,*##.....
,,,,,,,,,.........#,*,#.*,*,....#
,,,,,,,,,,...###..#*,#.#,*,*....#
,,,,,,,,,,........###.#,*,**,,,,*
,******,,,..##.....#.#,*,**,,,,**
,* *,,,,,,*##.#...##,**,*,,,,* ,*
*,,*,,,* #......###*,,,,,** ,*
##.,**,,* ##yy.......,,,,,** ,*
#..#**,.# #@........,,,,,,*
,*###...**,.# #..###.......,***
,,,.....,,..## #.## *#......**
,,,*#...,,...###.# *#.....*
,****#..##.......# *,.#...* ,*
*#y.........#* **,***..## ,**
*#yy.....#..***,,* ##..## .,*
##.##...###..#..####....#
..#####yy##..## **......##..<.#*


You could see 2 killer bees.

Vanquished Creatures
  Grinder (D:4)
  Sigmund (D:6)
  A hungry ghost (D:8)
  2 ice beasts
  A black bear (D:6)
  An ogre (D:5)
  A phantom (D:6)
  3 centaurs
  Blork the orc (D:6)
  3 big kobolds
  4 bullfrogs
  2 scorpions (D:4)
  7 killer bees
  A bullfrog zombie (D:5)
  4 crimson imps
  2 jellies (D:5)
  2 hounds
  A centaur skeleton (D:6)
  2 orc priests (D:4)
  2 iguanas (D:4)
  4 orc wizards
  Natasha (thrice) (D:2)
  4 worker ants
  A worker ant zombie (D:6)
  10 adders
  An ooze (D:6)
  2 adder zombies
  4 worms
  2 dart slugs
  5 leopard geckos
  11 orcs
  3 ball pythons
  6 giant cockroaches
  6 goblins
  10 hobgoblins
  9 jackals
  16 kobolds
  5 quokkas
  3 bats
  5 frilled lizards
  2 leopard gecko skeletons
  A leopard gecko zombie (D:7)
  A quokka skeleton (D:5)
  A quokka zombie (D:5)
  5 rats
  A fungus (D:2)
163 creatures vanquished.

Vanquished Creatures (others)
  4 spectral weapons
4 creatures vanquished.

Grand Total: 167 creatures vanquished

Notes
Turn   | Place    | Note
-------+----------+-------------------------------------------
     0 | D:1      | Norn the Merfolk Skald began the quest for the Orb.
     0 | D:1      | Reached XP level 1. HP: 16/16 MP: 3/3
   308 | D:1      | Reached XP level 2. HP: 23/23 MP: 1/5
   463 | D:1      | Learned a level 2 spell: Shroud of Golubria
  1164 | D:2      | Reached XP level 3. HP: 28/28 MP: 3/6
  1170 | D:2      | Reached skill level 4 in Polearms
  1670 | D:2      | Noticed Natasha
  1682 | D:2      | Killed Natasha
  1682 | D:2      | Reached XP level 4. HP: 9/34 MP: 0/7
  2496 | D:2      | Found a runed translucent door.
  2497 | D:2      | Noticed Crazy Yiuf
  2516 | D:2      | Noticed Natasha
  2533 | D:2      | Killed Natasha
  2533 | D:2      | Reached skill level 5 in Polearms
  2533 | D:2      | Reached XP level 5. HP: 17/41 MP: 3/8
  2772 | D:2      | Noticed Natasha
  2786 | D:2      | Killed Natasha
  3302 | D:3      | Noticed a big kobold
  3305 | D:3      | Noticed a big kobold
  3387 | D:2      | Learned a level 3 spell: Spectral Weapon
  3390 | D:2      | Learned a level 2 spell: Song of Slaying
  3452 | D:3      | Killed a big kobold
  3452 | D:3      | Reached skill level 6 in Polearms
  3452 | D:3      | Reached XP level 6. HP: 28/47 MP: 6/9
  5030 | D:4      | Reached XP level 7. HP: 50/53 MP: 4/10
  5034 | D:4      | Reached skill level 7 in Polearms
  5034 | D:4      | Reached skill level 5 in Dodging
  5456 | D:4      | Reached skill level 5 in Charms
  5664 | D:4      | Found Talleil's Gadget Shoppe.
  5735 | D:4      | Found Kuschir's Armour Shop.
  5739 | D:4      | Noticed Grinder
  5751 | D:4      | Paralysed by Grinder for 6 turns
  5773 | D:4      | Paralysed by Grinder for 5 turns
  5798 | D:4      | Paralysed by Grinder for 6 turns
  6161 | D:4      | Killed Grinder
  6161 | D:4      | Reached skill level 8 in Polearms
  6161 | D:4      | Reached skill level 1 in Hexes
  6376 | D:4      | Found Faeffesh's Weapon Boutique.
  6384 | D:4      | Bought a +0 trident of venom for 62 gold pieces
  6424 | D:4      | Reached XP level 8. HP: 55/61 MP: 7/11
  6500 | D:5      | Entered Level 5 of the Dungeon
  6718 | D:5      | Found a sacrificial altar of Ru.
  6822 | D:5      | Found a shimmering altar of Xom.
  6831 | D:5      | Reached skill level 5 in Fighting
  6831 | D:5      | Reached skill level 9 in Polearms
  7270 | D:5      | Found an ornate altar of the Wu Jian Council.
  7274 | D:5      | Found a stormy altar of Qazlal.
  7793 | D:6      | Found a staircase to the Ecumenical Temple.
  7803 | Temple   | Entered the Ecumenical Temple
  7915 | Temple   | Became a worshipper of Warmaster Okawaru
  8008 | D:6      | Reached skill level 10 in Polearms
  8044 | D:6      | Found a shattered altar of Ashenzari.
  8051 | D:6      | Noticed Sigmund
  8154 | D:6      | Killed Sigmund
  8154 | D:6      | Reached * piety under Okawaru
  8154 | D:6      | Reached XP level 9. HP: 66/69 MP: 9/12
  8273 | D:6      | Noticed Blork the orc
  8281 | D:6      | Killed Blork the orc
  8815 | D:6      | Reached skill level 11 in Polearms
  9259 | D:7      | Reached ** piety under Okawaru
  9621 | D:7      | Found a stormy altar of Qazlal.
 10197 | D:8      | Reached skill level 12 in Polearms
 10231 | D:8      | HP: 2/71 [killer bee (5)]
 10231 | D:8      | Slain by a killer bee

Skill      XL: |  1  2  3  4  5  6  7  8  9 |
---------------+----------------------------+-----
Dodging        | 3 4 5 7 8 |  8.3
Polearms       | 4 5 6 8 10 12 | 12.1
Fighting       | 3 4 5 6 |  6.8
Charms         | 4 5 |  5.0
Hexes          | 1 3 4 |  4.7
Armour         | |  0.6
Spellcasting   | |  2.0

Action                   |  1- 3 |  4- 6 |  7- 9 || total
-------------------------+-------+-------+-------++-------
Melee: Spear             |   121 |   188 |    76 ||   385
       Trident           |       |       |   247 ||   247
 Cast: Infusion          |    16 |    15 |     2 ||    33
       Shroud of Golubri |     2 |     3 |       ||     5
       Spectral Weapon   |       |     8 |    27 ||    35
  Use: Scroll            |       |       |     5 ||     5
       Potion            |       |       |     1 ||     1
 Stab: Sleeping          |     1 |       |     2 ||     3
       Distracted        |       |     1 |       ||     1
       Paralysed         |       |       |     1 ||     1
  Eat: Chunk             |     3 |    11 |    16 ||    30
       Ration            |       |       |     2 ||     2
Armor: Leather armour    |    15 |    15 |    26 ||    56
Dodge: Dodged            |    57 |    77 |   176 ||   310
